Map: Eternal Empire LE

Players

Nice - Winner!

  • Race: Protoss Protoss
  • Spawn Location: 1:00

Rex

  • Race: Zerg Zerg
  • League: Master
  • Spawn Location: 7:00

Event: DreamHack SC2 Masters 2020 Summer TwHkMoJp

VOD

Have the link to the VOD?

Description

Time

  • Played on: June 26, 2020, 7:27 a.m.
  • Length: 10:14

All games in this series

Show
View Real Time Build Order
Export as new Build Order

Nice Protoss - Winner!

Build Orders: 1 Gate Expand, Archon Immortal, Archon Drop, Dark Templar Rush 

Get SALT Encoding   

  12  0:00  Probe  
  13  0:12  Probe  
  14  0:20  Pylon  
  14  0:25  Probe  
  15  0:36  Probe  
  15  0:42  Gateway  
  16  0:44  Probe  
  17  0:52  Probe  
  17  0:53  Assimilator  
  18  1:04  Probe  
  19  1:16  Probe  
  20  1:29  Nexus  
  20  1:40  Cybernetics Core  
  20  1:48  Assimilator  
  20  1:49  Probe  
  21  1:58  Pylon  
  21  2:01  Probe  
  21  2:06  Adept  
  22  2:13  Probe  
  23  2:17  Warp Gate  
  25  2:25  Probe  
  25  2:26  Adept  
  25  2:27  Twilight Council  
  28  2:37  Probe  
  28  2:40  Probe  
  30  2:48  Probe  
  30  2:50  Probe  
  31  2:56  Stalker  
  31  2:57  Probe  
  34  3:02  Probe  
  36  3:08  Probe  
  36  3:12  Robotics Facility  
  37  3:14  Probe  
  37  3:17  Probe  
  38  3:25  Probe  
  38  3:26  Probe  
  40  3:27  Dark Shrine  
  41  3:35  Probe  
  41  3:38  Probe  
  43  3:47  Gateway  
  43  3:48  Gateway  
  44  3:49  Warp Prism  
  44  3:50  Gateway  
  44  3:55  Assimilator  
  45  4:05  Pylon  
  45  4:07  Probe  
  46  4:14  Assimilator, Pylon  
  46  4:22  Observer  
  46  4:23  Probe x2  
  49  4:35  Probe x2  
  51  4:47  Probe  
  51  4:48  Probe  
  51  4:51  Dark Templar x3  
  59  4:54  Dark Templar  
  59  4:56  Archon  
  60  5:00  Probe x2  
  60  5:04  Archon  
  61  5:08  Nexus  
  61  5:10  Pylon  
  61  5:12  Probe  
  62  5:20  Pylon  
  64  5:28  Dark Templar x2, Probe x2  
  64  5:30  Zealot  
  64  5:32  Shield Battery  
  70  5:40  Probe x2  
  72  5:43  Blink  
  72  5:52  Immortal, Probe  
  72  5:54  Forge, Probe  
  78  6:16  Pylon  
  78  6:17  Pylon  
  78  6:20  Probe x3  
  78  6:24  Zealot x4  
  89  6:32  Probe x3  
  92  6:37  Protoss Ground Weapons Level 1  
  92  6:39  Immortal  
  94  6:44  Probe x3  
  94  6:45  Stalker x3  
  99  6:47  Stalker  
  95  6:56  Probe  
  95  7:01  Probe x2  
  96  7:08  Gateway  
  96  7:09  Gateway  
  96  7:12  Gateway, Assimilator  
  96  7:14  Gateway, Assimilator  
  96  7:15  Sentry x4  
  100  7:18  Pylon  
  100  7:20  Pylon  
  100  7:21  Photon Cannon  
  104  7:27  Immortal  
  104  7:31  Photon Cannon, Pylon  
  108  7:40  Pylon  
  108  7:42  Sentry x2, Pylon  
  108  7:43  Stalker  
  114  7:54  Photon Cannon  
  114  7:56  Pylon  
  114  8:03  Charge  
  114  8:06  Immortal  
  114  8:11  Pylon  
  118  8:13  Pylon  
  118  8:15  Templar Archives  
  118  8:21  Stalker x3  
  118  8:22  Stalker x2  
  128  8:39  Dark Templar x2  
  128  8:40  Dark Templar  
  134  8:50  Stalker x4  
  142  8:56  Pylon  
  142  9:00  Nexus  
  142  9:03  Pylon  
  142  9:05  Immortal  
  146  9:12  Stalker x2  
  144  9:27  Stalker x5  
  134  9:47  Stalker x3  
  140  9:53  Stalker x3  
Show
View Real Time Build Order
Export as new Build Order

Rex Zerg 

Build Orders: Hatch First 

Get SALT Encoding   

  12  0:00  Drone  
  13  0:12  Overlord  
  13  0:18  Drone  
  14  0:40  Hatchery  
  13  0:44  Drone  
  13  0:48  Drone  
  15  0:53  Drone  
  15  0:56  Drone  
  17  1:06  Drone  
  18  1:12  Extractor  
  18  1:18  Spawning Pool  
  16  1:21  Drone  
  17  1:27  Drone  
  18  1:38  Drone  
  19  1:49  Drone  
  20  1:55  Hatchery, Drone  
  20  2:05  Queen  
  22  2:09  Drone  
  23  2:17  Queen  
  23  2:22  Drone  
  26  2:27  Overlord  
  26  2:31  Metabolic Boost  
  26  2:35  Zergling x2  
  27  2:37  Zergling x2  
  28  2:46  Drone x3  
  31  2:53  Queen  
  31  2:58  Zergling x4  
  35  3:00  Zergling x2  
  36  3:09  Queen  
  36  3:11  Overlord  
  38  3:14  Drone  
  39  3:23  Drone  
  40  3:28  Drone, Overlord  
  40  3:29  Drone  
  42  3:36  Overlord  
  42  3:37  Drone x3  
  45  3:41  Queen  
  45  3:44  Drone  
  48  3:51  Drone x4  
  48  3:54  Drone  
  53  4:02  Drone  
  54  4:06  Overlord  
  54  4:07  Drone x4  
  58  4:13  Roach Warren  
  57  4:17  Drone x2  
  57  4:20  Overlord  
  57  4:22  Overlord  
  59  4:27  Spine Crawler  
  59  4:29  Spore Crawler  
  59  4:30  Spore Crawler  
  57  4:32  Spore Crawler  
  57  4:33  Zergling x2  
  57  4:34  Zergling x4  
  57  4:37  Zergling x4  
  61  4:43  Zergling x8  
  64  4:58  Overlord  
  64  4:59  Drone x10  
  73  5:03  Roach  
  75  5:08  Overlord  
  75  5:10  Lair  
  75  5:14  Overlord  
  75  5:16  Overlord  
  75  5:20  Roach x2  
  79  5:24  Roach  
  79  5:25  Overlord  
  79  5:27  Extractor  
  79  5:28  Roach, Extractor  
  79  5:29  Roach  
  79  5:34  Roach x2  
  83  5:44  Roach  
  85  5:51  Drone x3  
  85  5:54  Drone  
  85  5:55  Drone  
  85  5:56  Drone  
  88  5:57  Roach  
  88  5:58  Roach  
  85  6:05  Drone x3  
  85  6:06  Drone x2  
  85  6:09  Drone x2  
  85  6:10  Drone  
  91  6:16  Drone  
  91  6:17  Extractor  
  91  6:18  Drone, Extractor  
  92  6:19  Extractor  
  92  6:20  Drone  
  88  6:33  Drone  
  88  6:35  Roach x4  
  88  6:37  Roach  
  88  6:39  Roach  
  99  6:40  Roach  
  99  6:43  Roach  
  99  6:45  Roach  
  98  6:49  Roach  
  98  6:50  Zergling x4  
  93  6:56  Roach  
  93  6:59  Roach  
  93  7:03  Queen x3  
  93  7:06  Drone x5  
  104  7:14  Glial Reconstitution, Drone  
  105  7:17  Evolution Chamber  
  105  7:22  Zergling x2  
  105  7:23  Overlord x2, Zergling x2  
  105  7:25  Spire  
  105  7:27  Overlord  
  105  7:28  Overlord  
  105  7:34  Overlord x2  
  104  7:39  Drone  
  105  7:44  Drone x3  
  105  7:45  Overseer, Drone  
  105  7:48  Drone  
  105  7:50  Drone  
  105  7:51  Overlord  
  110  7:54  Drone x3  
  110  7:57  Overseer, Drone  
  110  7:58  Hatchery  
  112  8:05  Roach x2  
  116  8:09  Overseer  
  116  8:13  Zergling x2  
  116  8:14  Zergling x14  
  124  8:20  Zerg Melee Weapons Level 1  
  124  8:22  Overlord  
  124  8:25  Roach  
  123  8:32  Zergling x12  
  129  8:35  Ravager x9  
  129  8:36  Ravager, Overlord  
  129  8:39  Roach  
  141  8:42  Ravager  
  141  8:45  Roach x2  
  141  8:48  Spine Crawler  
  144  8:49  Roach  
  144  8:50  Baneling Nest  
  144  8:51  Spine Crawler  
  144  8:52  Roach x3  
  148  8:58  Roach x7  
  148  9:01  Roach x2  
  163  9:11  Roach x3  
  163  9:13  Ravager  
  153  9:21  Roach x6  
  152  9:25  Zergling x2  
  152  9:26  Zergling x8  
  150  9:32  Roach, Zergling x4  
  150  9:36  Zergling x4  
  136  9:41  Roach  
  109  9:45  Roach x2  
  109  9:48  Roach  
  109  9:51  Ravager x5  
Tags
 
Add a new tag
Caveats
  • Supply blocks, unpowered buildings, or Contaminate may cause inaccurate times.
  • Supply counts are checked every 10 seconds.